AoeStats
← ulli_289

Arabia

505303865Analyzed
1v1 RM · 23d ago on Sep 8, 2026· 80m 50s· 2 players
Game mode
Random Map
Map size
Tiny (2 player)
Population
200
Speed
Normal
Resources
Standard
Victory
Conquest
Starting age
Dark Age
Ending age
Imperial Age
RankedLock teamsTeams togetherTeam positionsShared explorationLock speedFull tech treeHidden civsTurbo modeCheats
Victory
Defeat
🇩🇪 Poles · Germany
934
+16
🇲🇽 Malay · Mexico
935
-16
ulli_289
5:16 Loom
10:59 Feudal Age
17:02 Horse Collar
17:29 Double-Bit Axe
20:43 Padded Archer Armor
20:36 Fletching
23:41 Castle Age
25:25 Gold Mining
26:10 Bodkin Arrow
26:40 Scale Barding Armor
28:22 Bow Saw
55:26 Imperial Age
57:28 Imperial Age
56:16 Heavy Plow
61:35 Conscription
62:37 Szlachta Privileges
64:09 Cavalier
64:50 Husbandry
65:01 Bloodlines
66:59 Chain Barding Armor
67:47 Light Cavalry
67:53 Light Cavalry
70:16 Crop Rotation
69:42 Winged Hussar
75:08 Hoardings
76:13 Lechitic Legacy
75:34 Elite Obuch
76:20 Scale Mail Armor
77:53 Forging
77:59 Chain Mail Armor
80:01 Plate Mail Armor
80:07 Iron Casting
81:07 Hoardings
ascfska
5:12 Loom
10:56 Feudal Age
17:56 Man-at-Arms
18:46 Fletching
18:57 Double-Bit Axe
18:58 Horse Collar
21:53 Padded Archer Armor
25:32 Castle Age
25:09 Forging
24:33 Crossbowman
26:26 Long Swordsman
45:03 Iron Casting
44:25 Bodkin Arrow
57:31 Wheelbarrow
56:39 Pikeman
65:04 Imperial Age
64:08 Ballistics
64:36 Redemption
65:56 Two-Handed Swordsman
68:01 Pikeman
68:41 Squires
69:32 Halberdier
71:53 Blast Furnace
71:12 Forced Levy
71:34 Conscription
Connection lost

Rejoining the realm…

Still unreachable

The connection could not be restored.

Session expired

The server has moved on; the page needs a fresh start.